Map: Rhoskallian LE

Players

Casey

  • Race: Terran Terran

RevMuun

  • Race: Zerg Zerg

LuckyPants

  • Race: Protoss Protoss

LuckyShirt

  • Race: Protoss Protoss

VOD

Have the link to the VOD?

Description

Time

  • Played on: Dec. 27, 2021, 10:08 p.m.
  • Length: 18:42
Show
View Real Time Build Order
Export as new Build Order

Casey Terran 

Build Orders:  

Get SALT Encoding   

  12  0:01  SCV  
  13  0:15  Supply Depot  
  13  0:21  SCV  
  14  0:33  SCV  
  15  0:44  Barracks  
  15  0:45  SCV  
  16  0:58  SCV  
  16  1:00  Refinery  
  17  1:08  Refinery  
  17  1:10  SCV  
  18  1:22  SCV  
  19  1:34  SCV  
  20  1:43  Supply Depot  
  20  1:45  Barracks Reactor  
  20  1:46  SCV  
  21  1:58  SCV  
  22  2:07  Barracks  
  22  2:10  SCV  
  23  2:19  Engineering Bay  
  23  2:22  SCV  
  24  2:32  Marine x2  
  26  2:42  Supply Depot  
  26  2:50  Marine x2  
  28  2:59  Barracks Tech Lab  
  28  3:02  Terran Infantry Weapons Level 1  
  28  3:07  Marine, Supply Depot  
  28  3:08  Marine  
  30  3:21  Combat Shield  
  30  3:24  Marauder  
  30  3:25  Marine x2  
  34  3:43  Marine x2  
  34  3:45  Marauder  
  38  4:05  Command Center  
  38  4:23  Marine x2  
  40  4:27  Marauder  
  40  4:41  Marine x2  
  41  4:48  Marauder  
  43  4:59  Marine x2  
  43  5:10  Marine  
  41  5:16  Marine  
  41  5:17  Marine  
  41  5:28  Marine  
  36  5:34  Marine x2  
  34  5:46  Marauder  
  36  5:50  Concussive Shells  
  36  5:52  Terran Infantry Armor Level 1  
  36  6:07  Marauder  
  38  6:29  Marauder  
  28  6:44  Marine x2  
  30  6:49  Marine  
  30  6:50  SCV  
  32  6:54  SCV  
  33  7:01  Marine x2  
  33  7:03  SCV  
  33  7:06  SCV  
  33  7:07  Marine  
  38  7:10  Factory  
  38  7:15  SCV  
  39  7:19  SCV  
  39  7:22  Factory  
  40  7:26  Marauder  
  40  7:27  SCV  
  43  7:31  SCV  
  44  7:39  SCV  
  44  7:43  SCV  
  46  7:47  Marauder  
  48  8:00  Marine x2  
  50  8:08  Marine  
  51  8:12  Factory Tech Lab  
  51  8:15  Factory Reactor  
  51  8:18  Marine x2  
  53  8:25  Refinery  
  53  8:26  Marauder  
  55  8:28  Refinery  
  55  8:48  Marauder  
  50  8:57  Marine  
  51  9:09  Marauder  
  53  9:24  Marine x2  
  53  9:30  Marine  
  56  9:34  Siege Tank  
  59  9:42  Marine x2  
  61  9:45  Supply Depot  
  61  9:46  Supply Depot  
  61  9:48  Marine  
  61  9:49  Supply Depot x2  
  61  9:52  Supply Depot  
  62  10:07  Siege Tank, Hellion x2  
  62  10:08  Marauder  
  62  10:09  Supply Depot  
  62  10:11  Supply Depot  
  61  10:29  Marauder  
  63  11:00  Marine x3  
  66  11:04  Siege Tank  
  66  11:06  Hellion  
  66  11:07  Hellion  
  73  11:17  Marine  
  73  11:18  Marine x2  
  76  11:23  Armory  
  76  11:26  Infernal Pre-Igniter  
  76  11:28  Hellion x2  
  76  11:29  Stimpack  
  80  11:35  Marine x2  
  80  11:36  Marauder  
  80  11:37  Siege Tank, SCV  
  85  11:49  SCV, Hellion x2  
  85  11:53  Marine x2  
  82  11:58  Marauder  
  66  12:01  SCV  
  63  12:09  Siege Tank  
  63  12:11  Marine x2, Hellion  
  63  12:12  Hellion  
  63  12:13  SCV  
  73  12:19  Marauder  
  75  12:29  Marine x2  
  77  12:32  Hellion, Terran Vehicle Weapons Level 1  
  77  12:33  Hellion  
  81  12:40  Marauder  
  81  12:41  Siege Tank  
  86  12:46  Starport  
  86  12:47  Marine x2  
  88  12:53  Hellion  
  88  12:55  Hellion  
  92  13:01  Marine  
  79  13:13  Hellion  
  79  13:15  Hellion  
  79  13:16  Hellion  
  79  13:19  Marauder  
  64  13:34  Hellion  
  59  13:56  Hellion  
  59  14:02  Marauder  
  63  14:04  Marine x2  
  63  14:09  Hellion  
  69  14:10  Hellion  
  69  14:17  Siege Tank  
  69  14:21  Marine  
  69  14:22  Marine  
  69  14:23  Marauder  
  74  14:31  Hellion x2  
  75  14:35  Smart Servos  
  75  14:39  Marine x2  
  75  14:44  Marauder  
  79  14:49  Siege Tank  
  79  14:52  Hellion x2  
  86  14:56  Medivac  
  86  14:57  Marine x2  
  88  15:06  Marauder  
  87  15:14  Hellion x2  
  91  15:21  Siege Tank  
  91  15:26  Medivac  
  91  15:27  Marauder  
  98  15:53  Siege Tank  
  98  15:56  Medivac  
  103  16:21  Marine x3  
  106  16:26  Medivac  
  106  16:31  Supply Depot  
  108  16:33  Supply Depot  
  108  16:35  Supply Depot x2  
  108  16:39  Marine x3  
  99  16:56  Medivac  
  99  16:57  Marine x3, Supply Depot  
  99  16:59  Supply Depot  
  99  17:01  Supply Depot  
  104  17:02  Supply Depot  
  100  17:14  Marine  
  100  17:15  Marine x2  
  76  17:33  Marine  
  74  18:08  Hellion  
  74  18:10  Hellion x2  
  78  18:23  Starport Tech Lab  
Show
View Real Time Build Order
Export as new Build Order

RevMuun Zerg 

Build Orders: Hatch First 

Get SALT Encoding   

  12  0:01  Drone  
  13  0:19  Overlord  
  13  0:22  Drone  
  14  0:38  Drone x2  
  16  0:55  Hatchery  
  15  0:57  Drone  
  15  1:00  Drone  
  15  1:04  Drone  
  18  1:11  Extractor  
  17  1:22  Spawning Pool  
  16  1:27  Drone  
  17  1:36  Drone  
  18  1:47  Drone  
  19  1:57  Overlord  
  19  2:10  Queen  
  19  2:11  Queen  
  19  2:15  Drone  
  24  2:17  Zergling x2  
  24  2:20  Zergling x2  
  26  2:28  Zergling x2  
  27  2:44  Drone  
  27  2:45  Drone x2  
  27  2:49  Overlord  
  30  2:56  Drone  
  31  3:01  Lair  
  31  3:04  Queen  
  33  3:08  Drone x2  
  33  3:10  Drone  
  36  3:20  Drone  
  37  3:28  Evolution Chamber  
  37  3:33  Roach Warren  
  34  3:46  Drone  
  34  3:48  Drone x2  
  37  3:51  Drone x3  
  37  3:55  Extractor  
  39  3:56  Overlord  
  38  4:16  Drone x2  
  39  4:24  Glial Reconstitution  
  39  4:27  Zerg Missile Weapons Level 1  
  39  4:28  Drone  
  39  4:29  Drone  
  39  4:34  Extractor  
  38  4:39  Overlord x3  
  38  4:41  Overlord x2  
  38  4:42  Overlord  
  36  5:06  Roach x2  
  40  5:07  Roach x2  
  44  5:16  Roach  
  44  5:17  Roach x3  
  44  5:20  Roach x3  
  58  5:28  Roach  
  60  5:35  Overlord  
  60  5:36  Queen  
  58  6:17  Roach x2  
  60  6:21  Drone x2  
  46  6:33  Drone  
  46  6:35  Roach  
  46  6:36  Zerg Missile Weapons Level 2, Roach x2  
  51  6:43  Roach x3  
  51  6:47  Roach  
  59  6:51  Roach x3  
  65  7:04  Queen  
  65  7:06  Drone  
  68  7:33  Overlord x2  
  68  7:35  Overlord  
  68  7:59  Roach x2  
  68  8:00  Roach  
  68  8:04  Hatchery  
  73  8:18  Roach x2  
  73  8:19  Roach  
  69  9:01  Roach x3  
  71  9:19  Drone  
  71  9:20  Queen  
  74  9:35  Roach x5  
  74  9:36  Overlord x4  
  74  9:37  Overlord x2  
  84  9:43  Extractor  
  83  9:48  Roach x2  
  87  10:05  Roach x4  
  73  10:21  Roach x3  
  75  10:43  Drone x2  
  73  10:57  Roach  
  73  10:58  Roach x4  
  73  11:01  Roach x3  
  85  11:15  Roach x5  
  95  11:21  Roach x3  
  95  11:22  Roach  
  103  11:27  Zerg Ground Armor Level 1  
  103  11:33  Infestation Pit  
  102  11:40  Drone  
  57  11:57  Roach x4  
  57  12:00  Roach  
  57  12:01  Roach x6  
  69  12:02  Roach  
  69  12:03  Roach x3  
  69  12:04  Roach  
  83  12:17  Roach x3  
  83  12:18  Roach  
  91  12:24  Roach x2  
  91  12:27  Hive  
  95  12:32  Roach x3  
  95  12:33  Roach x3  
  95  12:36  Roach  
  95  12:37  Roach x3  
  115  12:40  Roach x4  
  61  13:26  Roach x2  
  61  13:27  Roach x3  
  71  13:30  Roach x2  
  71  13:31  Roach x3  
  71  13:32  Roach x2  
  71  13:33  Roach x4  
  93  14:03  Roach x4  
  93  14:04  Roach x2  
  93  14:06  Roach x2  
  93  14:07  Roach x4  
  117  14:10  Zerg Missile Weapons Level 3  
  107  14:44  Roach x3  
  107  14:45  Roach x5  
  69  15:23  Roach x3  
  69  15:24  Roach x2  
  69  15:25  Roach  
  69  15:26  Roach x4  
  89  15:31  Extractor  
  89  15:35  Drone x3, Extractor  
  90  15:36  Drone x2  
  92  15:48  Roach x3  
  96  16:08  Roach x3  
  96  16:09  Roach  
  96  16:10  Roach x3  
  110  16:12  Roach x4  
  110  16:13  Roach x2  
  110  16:37  Roach x2  
  110  16:38  Roach  
  90  16:54  Roach x2  
  90  16:55  Roach  
  90  16:57  Roach  
  56  17:27  Roach  
  56  17:28  Roach x3  
  64  17:36  Spire  
  63  17:43  Spire  
  62  18:05  Viper x3  
  62  18:06  Viper x3  
Show
View Real Time Build Order
Export as new Build Order

LuckyPants Protoss 

Build Orders: Zealot Archon 

Get SALT Encoding   

  12  0:00  Probe  
  13  0:17  Pylon  
  13  0:21  Probe  
  14  0:33  Probe (Chrono Boost)  
  16  0:43  Probe (Chrono Boost)  
  16  0:48  Probe (Chrono Boost)  
  17  0:59  Probe  
  18  1:14  Probe  
  18  1:17  Nexus  
  19  1:27  Probe  
  19  1:30  Gateway  
  20  1:36  Assimilator  
  20  1:39  Probe  
  21  1:40  Pylon  
  21  1:45  Assimilator  
  21  1:51  Probe  
  22  2:04  Probe  
  23  2:16  Probe  
  23  2:18  Gateway  
  23  2:19  Cybernetics Core  
  24  2:28  Probe x2 (Chrono Boost)  
  27  2:38  Probe x2 (Chrono Boost)  
  27  2:39  Pylon  
  27  2:43  Probe x2 (Chrono Boost)  
  30  2:54  Probe  
  30  2:55  Probe  
  30  2:56  Twilight Council, Warp Gate (Chrono Boost)  
  32  3:06  Probe  
  32  3:07  Stalker, Probe  
  36  3:18  Assimilator  
  36  3:19  Probe x2  
  38  3:23  Assimilator  
  38  3:26  Pylon  
  38  3:32  Templar Archives  
  38  3:40  Gateway  
  40  3:48  Charge (Chrono Boost)  
  38  3:55  Probe  
  38  3:56  Probe  
  39  4:07  Probe  
  39  4:08  Probe  
  39  4:09  Gateway  
  41  4:12  Gateway  
  41  4:14  Gateway  
  41  4:26  Pylon  
  41  4:31  Probe x2  
  43  4:40  High Templar x2  
  43  4:41  Zealot  
  43  4:45  Nexus  
  49  4:46  Pylon  
  50  4:52  Probe  
  50  4:53  Probe  
  50  4:55  Archon  
  51  5:05  Forge  
  51  5:06  Probe x2  
  53  5:07  Forge  
  53  5:10  Shield Battery  
  53  5:18  Probe x2  
  55  5:24  High Templar x3  
  55  5:25  Zealot, High Templar  
  55  5:26  Zealot  
  55  5:28  Archon  
  67  5:29  Archon  
  67  5:33  Probe x2  
  69  5:36  Protoss Ground Armor Level 1 (Chrono Boost), Protoss Ground Weapons Level 1 (Chrono Boost)  
  69  5:45  Robotics Facility  
  69  5:48  Pylon  
  69  5:51  Probe x2  
  69  5:55  Pylon  
  71  5:57  Assimilator  
  71  5:59  Probe  
  72  6:06  Zealot x3  
  72  6:11  Probe x3  
  80  6:15  Assimilator  
  75  6:39  High Templar x2  
  79  6:40  High Templar x2  
  79  6:41  Zealot x2  
  79  6:44  Archon  
  79  6:45  Archon  
  87  6:52  Gateway  
  87  6:53  Gateway  
  87  6:54  Gateway x2  
  87  7:03  Pylon, Nexus  
  87  7:04  Probe, Pylon  
  87  7:05  Probe x2  
  87  7:07  Pylon  
  90  7:10  Observer, Assimilator  
  91  7:15  Assimilator  
  91  7:18  Probe x3  
  94  7:30  Probe x2  
  94  7:31  Probe  
  94  7:35  Psionic Storm  
  97  7:39  Shield Battery  
  97  7:40  Shield Battery  
  97  7:42  Photon Cannon x2  
  97  7:43  Photon Cannon  
  97  7:49  High Templar x3  
  97  7:51  High Templar  
  105  7:52  Zealot x4  
  113  7:59  Probe x3, Protoss Ground Weapons Level 2 (Chrono Boost)  
  113  8:03  Protoss Ground Armor Level 2 (Chrono Boost), Pylon  
  117  8:20  Observer  
  117  8:26  Gateway x2  
  117  8:27  Pylon  
  118  8:41  Observer  
  118  8:42  Observer  
  114  8:59  Stalker x4  
  114  9:00  Zealot x6  
  134  9:11  Probe x4  
  138  9:27  Nexus  
  138  9:29  Observer, Pylon  
  138  9:31  Robotics Bay, Pylon  
  139  9:33  Stargate  
  139  9:34  Pylon  
  139  9:36  Stargate, Pylon  
  139  9:38  Assimilator  
  139  9:43  Assimilator  
  139  9:53  Stalker x4  
  139  9:56  Blink (Chrono Boost)  
  147  10:00  Pylon, Nexus  
  147  10:03  Pylon  
  145  10:07  Assimilator  
  145  10:12  Assimilator  
  135  10:25  Zealot x2  
  135  10:26  Zealot x5  
  135  10:27  Stalker x5  
  153  10:50  Pylon  
  153  10:52  Pylon  
  153  10:56  Pylon  
  153  11:00  Pylon  
  153  11:05  Pylon  
  153  11:11  Pylon  
  153  11:12  High Templar x4  
  153  11:13  High Templar  
  153  11:14  Zealot x5  
  153  11:15  Stalker x2  
  177  11:29  Probe  
  177  11:30  Probe x4  
  177  11:31  Photon Cannon  
  177  11:32  Photon Cannon  
  182  11:35  Photon Cannon  
  182  11:37  Extended Thermal Lance  
  182  11:38  Photon Cannon  
  182  11:41  Photon Cannon  
  182  11:44  Protoss Ground Armor Level 3 (Chrono Boost), Protoss Ground Weapons Level 3 (Chrono Boost), Photon Cannon  
  182  11:56  Fleet Beacon  
  178  12:03  Observer, Probe x3  
  178  12:04  Probe x3  
  184  12:12  Shield Battery  
  184  12:16  Shield Battery  
  184  12:19  Shield Battery  
  184  12:24  Shield Battery  
  184  12:26  Shield Battery  
  184  12:43  Photon Cannon  
  184  12:46  Photon Cannon  
  184  12:48  Gateway  
  184  12:49  Gateway, Photon Cannon  
  184  12:55  Gateway  
  184  12:57  Gateway  
  184  13:01  Gateway  
  181  13:06  Gateway  
  181  13:08  Gateway  
  171  13:17  Gravitic Drive  
  159  13:21  Zealot x3  
  159  13:22  Zealot x2  
  159  13:23  Zealot x6  
  159  13:24  Zealot  
  181  14:14  Gravitic Boosters  
  181  14:15  Resonating Glaives  
  181  14:21  Cybernetics Core  
  181  14:24  Pylon  
  181  14:25  Protoss Air Weapons Level 1 (Chrono Boost)  
  181  14:28  Stargate  
  181  14:32  Stargate x2  
  181  14:36  Pylon  
  181  14:37  Stargate  
  181  14:38  Pylon  
  181  14:42  Stargate  
  181  14:43  Nexus  
  181  14:46  Assimilator  
  181  14:50  Assimilator  
  181  14:53  Pylon  
  181  14:56  Pylon  
  181  15:08  Nexus  
  181  15:09  Protoss Shields Level 1 (Chrono Boost), Pylon  
  181  15:10  Pylon  
  181  15:12  Pylon  
  181  15:15  Assimilator  
  181  15:20  Assimilator  
  176  15:35  Photon Cannon  
  176  15:38  Photon Cannon  
  176  15:41  Photon Cannon  
  176  15:43  Photon Cannon  
  176  15:47  Pylon, High Templar x4  
  176  15:48  Stalker x4  
  176  15:49  Zealot x4, Photon Cannon  
  192  16:31  Photon Cannon  
  192  16:33  Photon Cannon  
  192  16:36  Photon Cannon  
  192  16:40  Photon Cannon  
  190  16:56  Zealot x2  
  190  16:57  Zealot x3  
  178  17:22  Stalker x2  
  176  17:23  Stalker x4  
  176  17:24  High Templar x2  
  176  17:25  Zealot x3  
  176  17:26  Zealot x2  
  200  17:48  Nexus  
  200  17:49  Pylon  
  200  17:50  Pylon  
  200  17:53  Pylon  
  200  17:55  Pylon  
  200  17:58  Assimilator  
  200  18:02  Assimilator  
  200  18:04  Pylon  
  198  18:25  Zealot x4  
  198  18:26  Zealot x4  
  194  18:27  Zealot x3  
Show
View Real Time Build Order
Export as new Build Order

LuckyShirt Protoss 

Build Orders:  

Get SALT Encoding   

  12  0:02  Probe  
  13  0:14  Probe  
  14  0:25  Pylon  
  14  0:26  Probe  
  15  0:43  Probe  
  15  0:44  Gateway  
  16  0:50  Assimilator  
  16  0:55  Probe  
  17  1:03  Pylon  
  17  1:07  Assimilator  
  17  1:08  Probe  
  18  1:20  Probe  
  19  1:32  Probe, Cybernetics Core  
  20  1:44  Probe  
  21  1:59  Nexus  
  21  2:02  Probe, Warp Gate (Chrono Boost)  
  22  2:16  Stalker  
  24  2:25  Gateway  
  24  2:36  Gateway  
  24  2:40  Probe  
  25  2:47  Stalker  
  27  2:55  Pylon  
  27  3:10  Probe  
  27  3:12  Probe  
  29  3:22  Probe  
  29  3:24  Probe  
  31  3:35  Probe  
  31  3:36  Probe  
  31  3:39  Stalker x2  
  31  3:40  Stalker  
  39  3:47  Probe  
  40  3:48  Probe  
  40  3:50  Pylon  
  41  4:04  Probe x2  
  43  4:10  Stalker x2  
  43  4:13  Stalker  
  43  4:16  Probe x2  
  51  4:42  Stalker x3  
  57  5:01  Probe x2  
  59  5:13  Probe  
  56  5:23  Zealot x2  
  56  5:24  Zealot  
  58  5:35  Probe x2  
  60  5:44  Stalker  
  62  5:51  Assimilator  
  62  5:52  Assimilator  
  62  6:11  Probe x2, Assimilator  
  62  6:14  Pylon, Nexus  
  62  6:16  Assimilator  
  62  6:17  Pylon  
  58  6:23  Probe x2  
  58  6:24  Stalker  
  60  6:33  Stalker x2  
  60  6:35  Probe x2  
  66  6:47  Probe x2  
  66  6:50  Nexus  
  66  6:51  Assimilator  
  66  6:53  Nexus  
  68  6:56  Assimilator  
  68  6:58  Assimilator  
  68  7:00  Probe x2  
  70  7:01  Assimilator  
  70  7:08  Pylon  
  70  7:12  Forge, Probe x2  
  70  7:13  Forge  
  72  7:16  Twilight Council  
  72  7:17  Gateway  
  72  7:20  Gateway  
  70  7:24  Probe  
  67  7:37  Zealot x2  
  67  7:38  Zealot  
  67  7:40  Probe x3  
  76  7:52  Probe (Chrono Boost)  
  76  7:57  Probe x2 (Chrono Boost)  
  79  8:02  Probe (Chrono Boost)  
  79  8:04  Protoss Ground Weapons Level 1 (Chrono Boost)  
  82  8:05  Templar Archives, Protoss Ground Armor Level 1 (Chrono Boost)  
  82  8:06  Probe x2 (Chrono Boost)  
  82  8:07  Probe (Chrono Boost)  
  83  8:16  Forge  
  83  8:19  Probe x2 (Chrono Boost)  
  86  8:20  Probe (Chrono Boost)  
  86  8:21  Probe (Chrono Boost)  
  86  8:22  Probe (Chrono Boost)  
  88  8:31  Probe (Chrono Boost)  
  88  8:32  Probe x2 (Chrono Boost)  
  91  8:34  Probe x2 (Chrono Boost)  
  91  8:36  Probe (Chrono Boost)  
  91  8:37  Probe x2 (Chrono Boost), Psionic Storm  
  91  8:40  Probe x2  
  96  8:44  Protoss Shields Level 1 (Chrono Boost)  
  94  8:48  High Templar x2  
  94  8:49  High Templar  
  94  8:52  Probe  
  94  8:53  Probe  
  92  9:24  Gateway  
  92  9:25  Gateway  
  92  9:27  Gateway  
  92  9:30  Gateway  
  92  9:31  Pylon, Gateway  
  92  9:32  Pylon  
  92  9:33  Gateway  
  92  9:35  Gateway  
  92  9:36  Pylon  
  92  9:38  Pylon, Gateway  
  92  9:40  Pylon, Gateway  
  92  9:42  Pylon  
  92  9:44  Pylon  
  92  9:46  Pylon  
  92  9:58  Probe  
  94  10:00  Probe  
  94  10:10  Probe  
  94  10:12  Probe  
  96  10:18  Protoss Ground Weapons Level 2 (Chrono Boost)  
  96  10:19  Protoss Ground Armor Level 2 (Chrono Boost)  
  92  10:22  Probe  
  92  10:24  Probe  
  92  10:26  Charge (Chrono Boost)  
  94  10:34  Protoss Shields Level 2 (Chrono Boost)  
  94  10:35  Probe  
  95  10:36  Probe, Zealot  
  95  10:37  Zealot  
  95  10:38  High Templar x2  
  95  10:39  Zealot x2  
  95  10:40  Zealot  
  95  10:41  High Templar  
  95  10:42  High Templar x3  
  118  10:43  High Templar  
  118  10:47  Probe  
  118  10:48  Probe  
  118  11:02  Probe x2  
  118  11:03  Probe x3  
  123  11:09  Stargate  
  123  11:14  Stalker  
  123  11:15  Stalker  
  123  11:16  Stalker x2  
  123  11:17  Stalker x2  
  123  11:18  Zealot x2  
  139  11:19  Zealot x2  
  139  11:20  Zealot  
  139  11:21  Zealot  
  147  11:29  Robotics Facility  
  147  11:33  Pylon  
  147  11:35  Pylon  
  147  11:37  Pylon  
  125  11:59  Blink  
  123  12:07  High Templar  
  123  12:08  High Templar x3  
  129  12:09  High Templar  
  129  12:10  High Templar x4  
  129  12:12  High Templar x3  
  147  12:34  Protoss Ground Weapons Level 3 (Chrono Boost)  
  147  12:38  Protoss Ground Armor Level 3 (Chrono Boost), Fleet Beacon  
  147  12:39  Protoss Shields Level 3 (Chrono Boost)  
  147  12:41  Stargate  
  147  12:43  Stargate  
  147  12:45  Stargate  
  147  12:47  Stargate  
  147  12:51  Stargate  
  147  12:53  Stargate  
  147  12:55  Stargate  
  147  12:59  Cybernetics Core  
  147  13:00  Protoss Air Weapons Level 1 (Chrono Boost)  
  133  13:45  Tempest x4  
  133  13:46  Tempest x3  
  133  13:47  Tempest  
  173  13:57  Zealot  
  173  13:58  Zealot x3  
  173  13:59  Zealot x4  
  173  14:00  Protoss Air Armor Level 1 (Chrono Boost), Zealot x4  
  173  14:48  Zealot x3  
  173  14:53  Tempest x4  
  173  14:54  Tempest  
  196  15:17  Archon x4  
  196  15:18  Archon x2  
  196  15:19  Archon  
  190  15:23  Unknown  
  190  15:38  Protoss Air Weapons Level 2 (Chrono Boost)  
  190  15:39  Tempest x2  
  200  15:55  Protoss Air Armor Level 2 (Chrono Boost)  
  200  16:31  Pylon  
  200  16:33  Pylon  
  200  16:40  Nexus  
  200  16:52  Tempest x3  
  200  16:53  Tempest  
  192  17:16  Robotics Facility  
  192  17:18  Robotics Facility  
  192  17:21  Robotics Facility  
  192  17:22  Robotics Facility  
  192  17:25  Robotics Facility  
  192  17:27  Robotics Facility  
  192  17:28  Tempest  
  192  17:29  Robotics Facility  
  197  17:32  Robotics Facility  
  197  17:34  Robotics Facility  
  197  18:06  Assimilator  
  197  18:10  Assimilator  
  197  18:29  Nexus  
  197  18:33  Assimilator  
  197  18:36  Assimilator  
  197  18:38  Pylon  
  197  18:41  Pylon  
Tags
 
Add a new tag
Caveats
  • Supply blocks, unpowered buildings, or Contaminate may cause inaccurate times.
  • Supply counts are checked every 10 seconds.